 Dungeon Crawl Stone Soup version 0.31-a0-523-g071a6c1ffa (webtiles) character file.

Game seed: 1510952890461635858

9 Shayle the Changeling (level 2, 0/28 HPs)
             Began as an Ogre Shapeshifter on Aug 11, 2023.
             Slain by a gnoll
             ... wielding a +0 club
              (7 damage)
             ... on level 1 of the Dungeon.
             The game lasted 00:01:11 (326 turns).

Shayle the Changeling (Ogre Shapeshifter)            Turns: 326, Time: 00:01:12

Health: 0/28       AC:  3    Str: 18    XL:     2   Next: 16%
Magic:  2/2        EV:  9    Int:  9    God:
Gold:   21         SH:  0    Dex:  9    Spells: 1/1 levels left

rFire   . .          .
                       - Unarmed
rCold   . . .        (no shield)
rNeg    . . .        a - +0 animal skin
rPois   .            (helmet currently unavailable)
rElec   .            (cloak currently unavailable)
rCorr   .            (gloves unavailable)
SInv    .            (boots unavailable)
Will    .....        (no amulet)
Stlth   +            e - ring of wizardry
HPRegen 0.24/turn    (no ring)
MPRegen 0.08/turn

%: wizardry (x1)
@: beast-form
A: beast (slay +2), large, unfitting armour, tough skin 1
a: Begin Untransformation


You were on level 1 of the Dungeon.
You were a hulking beast.
You visited 1 branch of the dungeon, and saw 1 of its levels.

You collected 21 gold pieces.

Inventory:

Missiles
 f - 3 large rocks
Armour
 a - a +0 animal skin (worn)
Jewellery
 e - a ring of wizardry (left hand)
 h - an amulet of reflection
Talismans
 c - a beast talisman (active)
 d - a flux talisman
Scrolls
 g - a scroll of enchant armour {unknown}
Potions
 b - a potion of lignification
 i - a potion of mutation {unknown}


   Skills:
 + Level 2.0 Fighting
 + Level 0.6 Throwing
 - Level 1.8 Dodging
 + Level 2.8 Unarmed Combat
 - Level 3.0 Shapeshifting


You had one spell level left.
You didn't know any spells.
Your spell library contained the following spells:

 Spells                   Type           Power      Damage    Failure   Level
 Kiss of Death            Conj/Necr      0%         2d5       16%         1
 Confusing Touch          Hex            0%         N/A       43%         3
 Dispel Undead            Necr           0%         3d6       82%         4


Dungeon Overview and Level Annotations

Branches:
Dungeon (1/15)

Altars:

Shops:
D:1 =


Innate Abilities, Weirdness & Mutations

You are a hulking beast.
Your limbs bulge with bestial killing power. (Slay +2)
You are too large for most types of armour.
You have tough skin. (AC +1)


Message History

The endoplasm hits you.
You hit the endoplasm.
The endoplasm is lightly wounded.
The endoplasm freezes you.
You are frozen.
You hit the endoplasm. You punch the endoplasm.
The endoplasm is almost dead.
The endoplasm freezes you.
You are frozen.
You hit the endoplasm.
You kill the endoplasm!
A hobgoblin comes into view.
Found a book of Touch.
Found 7 gold pieces and a stone.
Found a hand axe.
The hobgoblin closely misses you.
You hit the hobgoblin.
The hobgoblin is moderately wounded.
You hit the hobgoblin.
The hobgoblin is almost dead.
The hobgoblin hits you.
You hit the hobgoblin.
You kill the hobgoblin!
Your Fighting skill increases to level 2!
You see here a hobgoblin corpse.
You pick up a book of Touch and begin reading...
You add the spells Kiss of Death, Confusing Touch and Dispel Undead to your library.
You now have 21 gold pieces (gained 7).
You see here a hobgoblin corpse.
i - an amethyst potion A gnoll comes into view.
It is wielding a +0 club.
The gnoll shouts!
The gnoll barely misses you.
You barely miss the gnoll. The gnoll hits you with a +0 club!
You hit the gnoll but do no damage. The gnoll hits you with a +0 club.
You closely miss the gnoll. The gnoll hits you with a +0 club!
* * * LOW HITPOINT WARNING * * *
You punch the gnoll!
The gnoll is heavily wounded.
The gnoll hits you with a +0 club!
You die...

###################......#
.........................#
##################.......#
# #.†.....# # ##.......# #
##........# # #..########
# #.## # #h# # #g# # #.# #
#.# # #.# ### #.# ..####
#.# #...... #.# .######


You could see a gnoll.

Vanquished Creatures
  An endoplasm (D:1)
  2 giant cockroaches (D:1)
  2 goblins (D:1)
  A hobgoblin (D:1)
  A ball python (D:1)
  A frilled lizard (D:1)
8 creatures vanquished.

Notes
Turn   | Place    | Note
-------+----------+-------------------------------------------
     0 | D:1      | Shayle the Ogre Shapeshifter began the quest for the Orb.
     0 | D:1      | Reached XP level 1. HP: 19/19 MP: 1/1
   180 | D:1      | Found Joucum's Jewellery Emporium.
   188 | D:1      | Reached XP level 2. HP: 26/28 MP: 2/2
   326 | D:1      | Slain by a gnoll

Illustrated notes

Levels and vault maps discovered:
D:1:      mainiacjoe_arrival_reflecting_pool, layout_rooms, serial_shops, shop

Skill      XL: |  1  2 |
---------------+-------+-----
Fighting       | 2 |  2.0
Throwing       | |  0.6
Dodging        | |  1.8
Unarmed Combat | |  2.8
Shapeshifting  | |  3.0

Action                     || total
---------------------------++-------
  Melee: Unarmed           ||    24
         Punch             ||     3
 Armour: Animal skin       ||     3
  Dodge: Dodged            ||    10

Table legend: (Time is in decaauts)
 A = Elapsed time spent in this place.
 B = Non-inter-level travel time spent in this place.
 C = Inter-level travel time spent in this place.
 D = Time resting spent in this place.
 E = Time spent auto-exploring this place.
 F = Levels seen in this place.
 G = Mean time per level.
                   A        B        C        D        E       F      G
               +--------+--------+--------+--------+--------+-----+--------+
         Total |    324 |    324 |      0 |      0 |    218 |   1 |  324.0 |
       Dungeon |    324 |    324 |      0 |      0 |    218 |   1 |  324.0 |
               +--------+--------+--------+--------+--------+-----+--------+

Top non-repeatable levels by time:
     D:1: 324 daAuts
